 Dungeon Crawl Stone Soup version 0.29-a0-284-gf9362112df (webtiles) character file.

Game seed: 10160490060902641552

8 yunder69 the Skirmisher (level 2, 27/27 HPs)
             Began as a Minotaur Berserker on Mar 27, 2022.
             Was a Follower of Trog.
             Quit the game on level 1 of the Dungeon.
             The game lasted 00:01:49 (254 turns).

yunder69 the Skirmisher (Minotaur Berserker)         Turns: 254, Time: 00:01:50

Health: 27/27      AC:  2    Str: 21    XL:     2   Next: 0%
Magic:  1/1        EV: 12    Int:  4    God:    Trog [*.....]
Gold:   27         SH:  0    Dex:  9    Spells: 1/1 levels left

rFire   . . .      SeeInvis .   a - +0 spear
rCold   . . .      Faith    .   (no shield)
rNeg    . . .      Spirit   .   b - +0 animal skin
rPois   .          Reflect  .   (helmet restricted)
rElec   .          Harm     .   (no cloak)
rCorr   .          Rampage  .   (no gloves)
Will    .....                   (no boots)
Stlth   +.........              (no amulet)
HPRegen 0.09/turn               (no ring)
MPRegen 0.07/turn               (no ring)

@: no status effects
A: horns 2, retaliatory headbutt
a: Renounce Religion, Berserk


You were on level 1 of the Dungeon.
You worshipped Trog.
Trog was aware of your devotion.
You visited 1 branch of the dungeon, and saw 1 of its levels.

You collected 27 gold pieces.

Inventory:

Hand Weapons
 a - a +0 spear (weapon)
Armour
 b - a +0 animal skin (worn)
Potions
 c - a potion of heal wounds {unknown}


   Skills:
 + Level 3.8 Fighting
 + Level 3.8 Polearms
 + Level 2.6 Armour
 + Level 2.4 Dodging


You had one spell level left.
You didn't know any spells.
Your spell library was empty.

Dungeon Overview and Level Annotations

Branches:
Dungeon (1/15)

Altars:


Innate Abilities, Weirdness & Mutations

You have a pair of horns on your head.
You reflexively headbutt those who attack you in melee.


Message History

A ball python is nearby!
You closely miss the ball python. The ball python barely misses you. x2
A ball python is nearby!
You closely miss the ball python.
The ball python bites you but does no damage.
The ball python closely misses you.
A ball python is nearby!
You hit the ball python.
You kill the ball python!
Trog accepts your kill.
Found a stone staircase leading down.
You now have 17 gold pieces (gained 4).
Found 2 poisoned darts.
No target in view!
You see here 2 poisoned darts.
An endoplasm comes into view.
The endoplasm quivers.
An endoplasm is nearby!
An endoplasm is nearby!
An endoplasm is nearby!
You hit the endoplasm. You headbutt the endoplasm.
You kill the endoplasm!
Trog accepts your kill.
A ball python comes into view.
A ball python is nearby!
You hit the ball python.
You kill the ball python!
Trog accepts your kill.
You have reached level 2!
No target in view!
You now have 27 gold pieces (gained 10).
c - a fizzy inky potion No target in view!
Found a club.
Found a runed helmet.
No target in view!
A ball python comes into view.
Found a murky purple potion.
The ball python hisses angrily.
Are you sure you want to abandon this character and quit the game? (Confirm with "yes".)

#.## #..# ### ###..
##.## ####.... #####....
....#.# #........ #).#.#
#.####.## #####..#.###.#
#.# #.#
#......@....[###.## #.##
#.###..#.######...###...
#..#.###....#.......
#!.#.......†..###...
#..#####..........## #..
####..###### #S. #..#
#.. ...# ....#


You could see a ball python.

Vanquished Creatures
  An endoplasm (D:1)
  A kobold (D:1)
  5 ball pythons (D:1)
7 creatures vanquished.

Notes
Turn   | Place    | Note
-------+----------+-------------------------------------------
     0 | D:1      | yunder69 the Minotaur Berserker began the quest for the
                  | Orb.
     0 | D:1      | Reached XP level 1. HP: 19/19 MP: 0/0
   240 | D:1      | Reached XP level 2. HP: 27/27 MP: 1/1
   254 | D:1      | Quit the game

Illustrated notes

Levels and vault maps discovered:
D:1:      dpeg_arrival_rhombus, layout_loops_ring, serial_bayou_pond_c

Action                   || total
-------------------------++-------
Melee: Spear             ||    15
       Headbutt          ||     2
Armor: Animal skin       ||     2
Dodge: Dodged            ||     7

Table legend: (Time is in decaauts)
 A = Elapsed time spent in this place.
 B = Non-inter-level travel time spent in this place.
 C = Inter-level travel time spent in this place.
 D = Time resting spent in this place.
 E = Time spent auto-exploring this place.
 F = Levels seen in this place.
 G = Mean time per level.
                   A        B        C        D        E       F      G
               +--------+--------+--------+--------+--------+-----+--------+
         Total |    252 |    252 |      0 |      0 |    218 |   1 |  252.0 |
       Dungeon |    252 |    252 |      0 |      0 |    218 |   1 |  252.0 |
               +--------+--------+--------+--------+--------+-----+--------+

Top non-repeatable levels by time:
     D:1: 252 daAuts
